 Dungeon Crawl Stone Soup version 0.24-a0-282-g1a68c91 (webtiles) character file.

Game seed: 13528835164441729643

1190 Gorice the Ducker (level 8, -3/90 HPs)
             Began as a Gnoll Wanderer on May 3, 2019.
             Slain by an orc
             ... wielding a +0 glaive
              (4 damage)
             ... on level 5 of the Dungeon.
             The game lasted 00:17:56 (4202 turns).

Gorice the Ducker (Gnoll Wanderer)                  Turns: 4202, Time: 00:17:57

Health: -3/90      AC: 24    Str: 19    XL:     8   Next: 43%
Magic:  8/12       EV:  2    Int: 12    God:
Gold:   164        SH:  0    Dex: 20    Spells: 13/13 levels left

rFire    . . .     SeeInvis .   h - +0 war axe (venom)
rCold    . . .     Gourm    .   (no shield)
rNeg     + + +     Faith    .   (armour currently unavailable)
rPois    +         Spirit   .   (helmet currently unavailable)
rElec    .         Reflect  .   (cloak currently unavailable)
rCorr    .         Harm     .   (gloves currently unavailable)
MR       .....     NoTele   +   (boots currently unavailable)
Stlth    +++++.....             (no amulet)
HPRegen  0.25/turn              (no ring)
MPRegen  0.13/turn              (no ring)

@: agile, lethally poisoned (-3 -> -3), tree-form (expiring), invisible
A: distributed training, strong nose
a: no special abilities


You were on level 5 of the Dungeon.
You were not hungry.
You were a tree.
You visited 1 branch of the dungeon, and saw 5 of its levels.

You collected 164 gold pieces.

Inventory:

Hand Weapons
 a - a +2 dagger
 e - a +0 flail
 h - a +0 war axe of venom (weapon)
   (You found it on level 2 of the Dungeon)
 t - a +0 falchion of holy wrath
   (You took it off an orc on level 4 of the Dungeon)
Missiles
 j - 51 sling bullets
 Y - 99 stones (quivered)
 Z - 4 throwing nets {!f}
Armour
 d - a +0 robe
 g - a scarf of spirit shield (melded)
   (You found it on level 1 of the Dungeon)
 l - a cursed +0 robe
 o - a +1 pair of gloves (melded)
 s - a +0 chain mail (melded)
Scrolls
 i - a scroll of immolation {!r}
 r - a scroll of teleportation {!r}
Potions
 c - a potion of lignification {!q}
 m - 2 potions of might {!q}
 p - 2 potions of flight
 w - a potion of berserk rage
Comestibles
 f - 9 rations
 n - 3 chunks of flesh


   Skills:
 + Level 4.1 Fighting
 + Level 3.2 Short Blades
 + Level 3.2 Long Blades
 + Level 3.2 Axes
 + Level 3.2 Maces & Flails
 + Level 3.2 Polearms
 + Level 3.2 Staves
 + Level 3.2 Slings
 + Level 3.2 Bows
 + Level 3.2 Crossbows
 + Level 4.1 Throwing
 + Level 3.2 Armour
 + Level 7.3 Dodging
 + Level 6.8 Stealth
 + Level 3.2 Shields
 + Level 5.6 Unarmed Combat
 + Level 3.2 Spellcasting
 + Level 2.6 Conjurations
 + Level 2.6 Hexes
 + Level 2.6 Charms
 + Level 2.6 Summonings
 + Level 2.6 Necromancy
 + Level 2.6 Translocations
 + Level 2.6 Transmutations
 + Level 2.6 Fire Magic
 + Level 2.6 Ice Magic
 + Level 2.6 Air Magic
 + Level 2.6 Earth Magic
 + Level 2.6 Poison Magic
 + Level 3.5 Invocations
 + Level 3.2 Evocations


You had 13 spell levels left.
You didn't know any spells.
Your spell library contained the following spells:

 Spells                   Type           Power        Failure   Level  Hunger
 Magic Dart               Conj           #...         9%          1    #......
 Searing Ray              Conj           #.....       12%         2    ###....
 Dazzling Spray           Conj/Hex       #.....       24%         3    ###....
 Force Lance              Conj/Tloc      #.......     63%         4    #####..
 Fulminant Prism          Conj/Hex       #.........   63%         4    #####..
 Iskenderun's Mystic Bla  Conj           #.......     63%         4    #####..


Dungeon Overview and Level Annotations

Branches:
Dungeon (5/15)
 Temple: D:4-7

Altars:
Cheibriados
Dithmenos
Gozag
Sif Muna
Vehumet

Annotations:
D:2 vpUX, Sigmund
D:3 vpUX, exclusion: ogre


Innate Abilities, Weirdness & Mutations

Your experience applies equally to all skills.
((You have very sharp teeth.))
Your uncanny sense of smell can sniff out nearby items.


Message History

You closely miss the orc wizard.
The orc wizard is heavily wounded.
The orc wizard hits you but does no damage.
Unknown command.
You closely miss the orc wizard.
The orc wizard is severely wounded.
* * * LOW HITPOINT WARNING * * *
You feel sick.
The orc wizard gestures wildly while chanting.
The orc wizard blinks!
Unknown command.
You cannot move.
Unknown command.
You cannot move.
Unknown command.
You cannot move.
Unknown command.
Unknown command.
Really read
r - a scroll of teleportation {!r}?
You cannot teleport because you are held in place by your roots.
Evoke which item? (* to show all) (? for menu, Esc to quit)
Aiming: Paralyse
Press: ? - help, Shift-Dir - straight line, f - orc wizard, p - orc
Aim: an orc wizard, wielding a +0 dagger and wearing a +0 robe (severely wounded, poisoned, chance to defeat MR: 55%)
The orc wizard resists with significant effort.
The now-empty wand crumbles to dust.
The orc wizard casts a spell.
The orc wizard seems to speed up.
Throwing (i - inventory. (/) - cycle)
Y - 101 stones (quivered)
Press: ? - help, Shift-Dir - straight line, f/p - orc wizard
Aim: an orc wizard, wielding a +0 dagger and wearing a +0 robe (almost dead, fast, poisoned)
You throw a stone. The stone hits the orc wizard.
The orc wizard is almost dead.
You hit the orc wizard.
You kill the orc wizard!
* * * LOW HITPOINT WARNING * * *
You feel sick.
The orc is no longer paralysed.
The orc hits you but does no damage.
Unknown command.
You cannot move.
Throwing (i - inventory. (/) - cycle)
Y - 100 stones (quivered)
Press: ? - help, Shift-Dir - straight line, f - orc
Aim: an orc, wielding a +0 glaive (heavily wounded)
You throw a stone. The stone barely misses the orc.
Your transformation is almost over.
The orc hits you but does no damage.
Really quaff
k - a potion of invisibility {!q}?
You fade into invisibility!
The orc hits you from afar with a +0 glaive.
You die...

. #..#....... ....#.......#
#..#.....<. .⌠....##...# ##
#........... .#....####
.####............ #......#
.<##[............ ##......#
.##............# #####.......#
...............#####...).........
..####.....)....##o#....###......
....#...........♣†......# #......
...............)###......###..##.
.#..#.#..................# #....
#########....(.....#........ ....
### ###.....#..#.....#... ...
..## ##...........#...##.. ...#
#...........##..## #. #..#
##.........# #.# #..# #..........


You could see an orc.

Vanquished Creatures
  A water moccasin (D:5)
  2 sky beasts (D:5)
  2 ogres
  A scorpion (D:4)
  3 crimson imps
  A jelly (D:5)
  A centaur skeleton (D:5)
  A hound (D:4)
  3 orc priests
  A bullfrog skeleton (D:5)
  A worker ant (D:4)
  6 orc wizards
  4 gnolls (D:5)
  7 adders
  3 oozes (D:4)
  2 worms
  A dart slug (D:2)
  6 leopard geckos
  13 orcs
  6 giant cockroaches
  5 goblins
  A hobgoblin (D:1)
  2 jackals (D:2)
  A kobold (D:2)
  4 quokkas
  2 ball pythons
  4 bats
  8 frilled lizards
  A jackal skeleton (D:5)
  2 rats
95 creatures vanquished.

Vanquished Creatures (others)
  A plant (D:5)
1 creature vanquished.

Grand Total: 96 creatures vanquished

Notes
Turn   | Place    | Note
-------+----------+-------------------------------------------
     0 | D:1      | Gorice the Gnoll Wanderer began the quest for the Orb.
     0 | D:1      | Gorice set off with the following items: a +2 dagger, a
                  | potion of heal wounds {!q}, 2 potions of lignification
                  | {!q}, a +0 robe, a ration
     0 | D:1      | Reached XP level 1. HP: 17/17 MP: 1/1
    97 | D:1      | You fall through a shaft!
    97 | D:2      | Found a radiant altar of Vehumet.
    97 | D:2      | Found a shadowy altar of Dithmenos.
    97 | D:2      | Found an opulent altar of Gozag.
   311 | D:1      | Reached XP level 2. HP: 23/23 MP: 2/2
   778 | D:2      | Found a snail-covered altar of Cheibriados.
   795 | D:2      | Noticed Sigmund
  1221 | D:2      | Reached XP level 3. HP: 28/28 MP: 3/3
  1332 | D:2      | Reached skill level 6 in Stealth
  1573 | D:3      | Reached skill level 1 in Short Blades
  1573 | D:3      | Reached skill level 1 in Long Blades
  1573 | D:3      | Reached skill level 1 in Axes
  1573 | D:3      | Reached skill level 1 in Maces & Flails
  1573 | D:3      | Reached skill level 1 in Polearms
  1573 | D:3      | Reached skill level 1 in Staves
  1573 | D:3      | Reached skill level 1 in Slings
  1573 | D:3      | Reached skill level 1 in Bows
  1573 | D:3      | Reached skill level 1 in Crossbows
  1573 | D:3      | Reached skill level 1 in Armour
  1573 | D:3      | Reached skill level 1 in Shields
  1573 | D:3      | Reached skill level 1 in Spellcasting
  1573 | D:3      | Reached skill level 1 in Invocations
  1573 | D:3      | Reached skill level 1 in Evocations
  1573 | D:3      | Reached XP level 4. HP: 28/34 MP: 5/5
  1697 | D:3      | Noticed an ogre
  1746 | D:3      | Reached skill level 1 in Conjurations
  1746 | D:3      | Reached skill level 1 in Hexes
  1746 | D:3      | Reached skill level 1 in Charms
  1746 | D:3      | Reached skill level 1 in Summonings
  1746 | D:3      | Reached skill level 1 in Necromancy
  1746 | D:3      | Reached skill level 1 in Translocations
  1746 | D:3      | Reached skill level 1 in Transmutations
  1746 | D:3      | Reached skill level 1 in Fire Magic
  1746 | D:3      | Reached skill level 1 in Ice Magic
  1746 | D:3      | Reached skill level 1 in Air Magic
  1746 | D:3      | Reached skill level 1 in Earth Magic
  1746 | D:3      | Reached skill level 1 in Poison Magic
  2445 | D:4      | Reached XP level 5. HP: 40/40 MP: 5/7
  2563 | D:4      | Reached skill level 3 in Fighting
  2563 | D:4      | Reached skill level 3 in Throwing
  2572 | D:4      | HP: 5/41 [orc priest/divine providence (9)]
  2580 | D:4      | Reached XP level 6. HP: 16/47 MP: 2/8
  2580 | D:4      | HP: 13/47 [scorpion (3)]
  2581 | D:4      | Reached skill level 2 in Invocations
  2934 | D:4      | Reached skill level 2 in Short Blades
  2934 | D:4      | Reached skill level 2 in Long Blades
  2934 | D:4      | Reached skill level 2 in Axes
  2934 | D:4      | Reached skill level 2 in Maces & Flails
  2934 | D:4      | Reached skill level 2 in Polearms
  2934 | D:4      | Reached skill level 2 in Staves
  2934 | D:4      | Reached skill level 2 in Slings
  2934 | D:4      | Reached skill level 2 in Bows
  2934 | D:4      | Reached skill level 2 in Crossbows
  2934 | D:4      | Reached skill level 2 in Armour
  2934 | D:4      | Reached skill level 2 in Shields
  2934 | D:4      | Reached skill level 5 in Unarmed Combat
  2934 | D:4      | Reached skill level 2 in Spellcasting
  2934 | D:4      | Reached skill level 2 in Evocations
  3136 | D:4      | Reached XP level 7. HP: 46/52 MP: 10/10
  3377 | D:5      | Entered Level 5 of the Dungeon
  3398 | D:5      | Reached skill level 7 in Dodging
  3511 | D:5      | Reached skill level 2 in Conjurations
  3511 | D:5      | Reached skill level 2 in Hexes
  3511 | D:5      | Reached skill level 2 in Charms
  3511 | D:5      | Reached skill level 2 in Summonings
  3511 | D:5      | Reached skill level 2 in Necromancy
  3511 | D:5      | Reached skill level 2 in Translocations
  3511 | D:5      | Reached skill level 2 in Transmutations
  3511 | D:5      | Reached skill level 2 in Fire Magic
  3511 | D:5      | Reached skill level 2 in Ice Magic
  3511 | D:5      | Reached skill level 2 in Air Magic
  3511 | D:5      | Reached skill level 2 in Earth Magic
  3511 | D:5      | Reached skill level 2 in Poison Magic
  3611 | D:5      | Reached skill level 3 in Invocations
  3847 | D:5      | Reached XP level 8. HP: 42/60 MP: 7/12
  4059 | D:5      | Reached skill level 4 in Fighting
  4059 | D:5      | Reached skill level 3 in Short Blades
  4059 | D:5      | Reached skill level 3 in Long Blades
  4059 | D:5      | Reached skill level 3 in Axes
  4059 | D:5      | Reached skill level 3 in Maces & Flails
  4059 | D:5      | Reached skill level 3 in Polearms
  4059 | D:5      | Reached skill level 3 in Staves
  4059 | D:5      | Reached skill level 3 in Slings
  4059 | D:5      | Reached skill level 3 in Bows
  4059 | D:5      | Reached skill level 3 in Crossbows
  4059 | D:5      | Reached skill level 4 in Throwing
  4059 | D:5      | Reached skill level 3 in Armour
  4059 | D:5      | Reached skill level 3 in Shields
  4059 | D:5      | Reached skill level 3 in Spellcasting
  4059 | D:5      | Reached skill level 3 in Evocations
  4152 | D:5      | Found a deep blue altar of Sif Muna.
  4175 | D:5      | HP: 14/60 [orc/+0 glaive (5)]
  4184 | D:5      | HP: 27/90 [poisoned by a water moccasin]
  4185 | D:5      | HP: 7/90 [orc/+0 glaive (7)]
  4191 | D:5      | HP: 5/90 [poisoned by a water moccasin]
  4194 | D:5      | HP: 2/90 [orc wizard/+0 dagger (2)]
  4200 | D:5      | HP: 1/90 [poisoned by a water moccasin]
  4202 | D:5      | Slain by an orc

Levels and vault maps discovered:
D:1:      lightli_arrival_statue_moat, layout_rooms,
          wander_ebering_terrifying_dragon_lair
D:2:      layout_basic, kennysheep_slug_shrine,
          chequers_temple_overflow_statue_of_worship, serial_bayou_lagoon_b,
          uniq_sigmund
D:3:      layout_rooms, first_ration
D:4:      layout_basic, minmay_bent
D:5:      layout_cave_pools, gammafunk_temple_overflow_forgotten

Skill      XL: |  1  2  3  4  5  6  7  8 |
---------------+-------------------------+-----
Stealth        | 6 |  6.8
Short Blades   | 1 2 3 |  3.2
Long Blades    | 1 2 3 |  3.2
Axes           | 1 2 3 |  3.2
Maces & Flails | 1 2 3 |  3.2
Polearms       | 1 2 3 |  3.2
Staves         | 1 2 3 |  3.2
Slings         | 1 2 3 |  3.2
Bows           | 1 2 3 |  3.2
Crossbows      | 1 2 3 |  3.2
Armour         | 1 2 3 |  3.2
Shields        | 1 2 3 |  3.2
Spellcasting   | 1 2 3 |  3.2
Invocations    | 1 2 3 |  3.5
Evocations     | 1 2 3 |  3.2
Conjurations   | 1 2 |  2.6
Hexes          | 1 2 |  2.6
Charms         | 1 2 |  2.6
Summonings     | 1 2 |  2.6
Necromancy     | 1 2 |  2.6
Translocations | 1 2 |  2.6
Transmutations | 1 2 |  2.6
Fire Magic     | 1 2 |  2.6
Ice Magic      | 1 2 |  2.6
Air Magic      | 1 2 |  2.6
Earth Magic    | 1 2 |  2.6
Poison Magic   | 1 2 |  2.6
Fighting       | 3 4 |  4.1
Throwing       | 3 4 |  4.1
Unarmed Combat | 5 |  5.6
Dodging        | 7 |  7.3

Action                   |  1- 3 |  4- 6 |  7- 9 || total
-------------------------+-------+-------+-------++-------
Melee: Dagger            |    35 |       |       ||    35
       War axe           |    24 |   135 |   144 ||   303
       Bite              |     5 |    16 |    18 ||    39
       Punch             |       |     3 |     2 ||     5
Throw: Stone             |       |     1 |    17 ||    18
Evoke: Wand              |       |       |     2 ||     2
  Use: Scroll            |     5 |     6 |     1 ||    12
       Potion            |       |     2 |     4 ||     6
 Stab: Sleeping          |     7 |     2 |       ||     9
       Distracted        |     1 |       |       ||     1
       Invisible         |       |     3 |       ||     3
  Eat: Chunk             |     2 |     5 |     4 ||    11
Armor: Robe              |     6 |     5 |       ||    11
       Chain mail        |       |    83 |    98 ||   181
       Skin              |       |       |    23 ||    23
Dodge: Dodged            |    42 |    89 |   104 ||   235

Table legend:
 A = Non-vault XP
 B = Vault XP
 C = Vault XP percentage of total XP
 D = Non-vault monster count
 E = Vault monster count
 F = Vault count percentage of total count
                 A         B        C        D         E       F
            +---------+---------+-------+---------+---------+-------
      Total |    1686 |      14 |   0.8 |      91 |       4 |   4.2
            +---------+---------+-------+---------+---------+-------
        D:1 |       4 |       1 |  20.0 |       3 |       1 |  25.0
        D:2 |      42 |       4 |   8.7 |      18 |       1 |   5.3
        D:3 |     108 |       0 |   0.0 |      14 |       0 |   0.0
        D:4 |     521 |       9 |   1.7 |      28 |       2 |   6.7
        D:5 |    1011 |       0 |   0.0 |      28 |       0 |   0.0
            +---------+---------+-------+---------+---------+-------

Table legend:
 A = Turns spent in this place as a percentage of turns spent in the entire game.
 B = Non-inter-level travel turns spent in this place as a percentage of non-inter-level travel turns spent in the entire game.
 C = Inter-level travel turns spent in this place as a percentage of turns spent in this place.
 D = Turns resting spent in this place as a percentage of non-inter-level travel turns spent in this place.
 E = Turns spent auto-exploring this place as a percentage of non-inter-level travel turns spent in this place.
 F = Non-inter-level travel turns spent in this place divided by the number of levels of this place that you've seen.
                   A       B       C       D       E      F
               +-------+-------+-------+-------+-------+----------------------
         Total | 100.0 | 100.0 |   3.7 |  22.5 |  38.6 | 809.4
       Dungeon | 100.0 | 100.0 |   3.7 |  22.5 |  38.6 | 809.4
               +-------+-------+-------+-------+-------+----------------------

Levels and vault maps discovered:
D:1:      lightli_arrival_statue_moat, layout_rooms,
          wander_ebering_terrifying_dragon_lair
D:2:      layout_basic, kennysheep_slug_shrine,
          chequers_temple_overflow_statue_of_worship, serial_bayou_lagoon_b,
          uniq_sigmund
D:3:      layout_rooms, first_ration
D:4:      layout_basic, minmay_bent
D:5:      layout_cave_pools, gammafunk_temple_overflow_forgotten
